 Dungeon Crawl Stone Soup version 0.31.0-11-ge490571c62 (webtiles) character file.

Game seed: 11039673181020018311

104 qw the Shooter (level 4, 0/22 HPs)
             Began as a Spriggan Hunter on Feb 3, 2024.
             Slain by a goblin
             ... wielding a +2 dagger of freezing
             ... led by Robin
              (1 damage)
             ... on level 2 of the Dungeon.
             The game lasted 00:00:04 (921 turns).

qw the Shooter (Spriggan Hunter)                     Turns: 921, Time: 00:00:05

Health: 0/22       AC:  2    Str:  7    XL:     4   Next: 52%
Magic:  5/5        EV: 20    Int: 10    God:
Gold:   95         SH:  0    Dex: 20    Spells: 3/3 levels left

rFire   . . .        a - +0 shortbow
rCold   . . .        (shield currently unavailable)
rNeg    . . .        c - +0 robe
rPois   .            (helmet restricted)
rElec   .            (no cloak)
rCorr   .            (gloves unavailable)
SInv    +            (boots unavailable)
Will    +....        (no amulet)
Stlth   ++           j - ring of willpower
HPRegen 0.23/turn    (no ring)
MPRegen 0.09/turn

%: no passive effects
@: very quick
A: very small, no large weapons, unfitting armour, see invisible, speed 3
a: no special abilities


You were on level 2 of the Dungeon.
You visited 1 branch of the dungeon, and saw 2 of its levels.

You collected 95 gold pieces.


Innate Abilities, Weirdness & Mutations

You are very small and have problems with some larger weapons.
You are too small for most types of armour.
You have supernaturally acute eyesight. (SInv)
You cover ground extremely quickly. (Speed+++)


   Skills:
 + Level 1.6 Fighting
 - Level 5.0 Ranged Weapons
 - Level 5.0 Dodging
 - Level 1.5 Stealth


You had 3 spell levels left.
You didn't know any spells.
Your spell library was empty.

Inventory:

Hand Weapons
 a - a +0 shortbow (weapon)
Armour
 c - a +0 robe (worn)
Jewellery
 j - a ring of willpower (left hand)
Scrolls
 b - a scroll of acquirement {unknown}
 d - a scroll of enchant armour
 f - a scroll of immolation {unknown}
Potions
 e - a potion of curing
 i - a potion of haste

Dungeon Overview and Level Annotations

Branches:
Dungeon (2/15)

Altars:

Annotations:
D:2 Robin


Message History

You shoot an arrow. The arrow hits the hobgoblin.
You kill the hobgoblin!
The goblin completely misses you. The hobgoblin misses you. The rat misses you.
Your Dodging skill increases to level 5!
You shoot an arrow. The arrow closely misses the goblin.
The goblin completely misses you. The rat bites you.
The goblin completely misses you. The hobgoblin barely misses you.
You shoot an arrow. The arrow closely misses the goblin.
The goblin barely misses you. The rat misses you.
The goblin completely misses you. The hobgoblin closely misses you.
Robin says, "My army is invincible!"
You shoot an arrow. The arrow barely misses the goblin.
The goblin hits you with a +0 club. Robin throws the goblin at you!
The rat misses you. The goblin completely misses you. x2
The hobgoblin completely misses you. The hobgoblin hits you.
The goblin hits you with a +0 club. The goblin barely misses you.
The goblin hits you but does no damage. The rat closely misses you.
You shoot an arrow. The arrow hits the goblin.
You kill the goblin!
The hobgoblin completely misses you. The goblin misses you.
The rat completely misses you. Robin throws the goblin at you!
The goblin barely misses you.
You shoot an arrow. The arrow hits the goblin!
You kill the goblin!
The hobgoblin misses you. The rat bites you but does no damage.
The goblin closely misses you. The goblin barely misses you.
You shoot an arrow. The arrow hits the goblin.
You kill the goblin!
The hobgoblin completely misses you. The rat misses you.
The goblin closely misses you.
You shoot an arrow. The arrow barely misses the goblin.
The goblin barely misses you. The hobgoblin hits you.
The rat closely misses you. The goblin hits you with a +0 club.
You shoot an arrow. The arrow hits the goblin!
You kill the goblin!
Robin throws the goblin at you! The rat misses you.
The goblin closely misses you.
The goblin hits you with a +2 dagger of freezing.
The goblin freezes you.
You die...

#...#######...#####.#
#.# ##..# ##.## #.#
#.# ...#
#.######.###.# ##.##
#.......#....# #.#
########.##### #.#
######.# #gg....#
#@###### #rg)# #g..#
#...# ..).. .......
...)... ##.....##


You could see Robin, a hobgoblin (strong), 2 goblins and a rat.

Vanquished Creatures
  A jelly (D:2)
  2 adders (D:2)
  4 dart slugs
  2 ribbon worms (D:2)
  2 endoplasms
  2 giant cockroaches
  10 goblins
  3 hobgoblins
  2 jackals (D:1)
  A kobold (D:1)
  5 ball pythons
  2 bats
  3 frilled lizards
  2 rats (D:1)
41 creatures vanquished.

Notes
Turn   | Place    | Note
-------+----------+-------------------------------------------
     0 | D:1      | qw the Spriggan Hunter began the quest for the Orb.
     0 | D:1      | Reached XP level 1. HP: 10/10 MP: 2/2
     0 | D:1      | 0 ||| qw: Version: 0.3-a-158-g18b3111
     0 | D:1      | 0 ||| qw: Game counter: 4238
     0 | D:1      | 0 ||| qw: Melee chars always use a shield: true
     0 | D:1      | 0 ||| qw: God list: Okawaru
     0 | D:1      | 0 ||| qw: Allow faded altars: false
     0 | D:1      | 0 ||| qw: Do Orc after clearing Dungeon:15 true
     0 | D:1      | 0 ||| qw: Do second Lair branch before Depths: true
     0 | D:1      | 0 ||| qw: Lair rune preference: random
     0 | D:1      | 0 ||| qw: Goals: Normal
     0 | D:1      | 0 ||| PLANNING D:1-11
    37 | D:1      | Reached skill level 3 in Dodging
    74 | D:1      | Reached XP level 2. HP: 14/14 MP: 3/3
   380 | D:1      | Found a faded altar of an unknown god.
   408 | D:1      | 408 ||| UPGRADING to ring of willpower.
   409 | D:1      | 409 ||| READING 3 scrolls labelled NONLUV UCYANIL.
   409 | D:1      | 409 ||| IDENTIFYING fizzy black potion
   410 | D:1      | 410 ||| READING 2 scrolls of identify.
   410 | D:1      | 410 ||| IDENTIFYING grey potion
   411 | D:1      | 411 ||| READING scroll of identify.
   411 | D:1      | 411 ||| IDENTIFYING sedimented yellow potion
   412 | D:1      | 412 ||| READING scroll labelled ZAULE LIKHEETUIPH.
   412 | D:1      | 412 ||| ENCHANTING +0 shortbow.
   413 | D:1      | 413 ||| READING scroll labelled GUBIYSEMIL.
   417 | D:1      | 417 ||| DROPPING scroll of butterflies.
   418 | D:1      | 418 ||| DROPPING potion of berserk rage.
   494 | D:2      | HP: 2/14 [adder (3)]
   499 | D:2      | Reached XP level 3. HP: 5/18 MP: 4/4
   679 | D:2      | 679 ||| FLEEEEING.
   754 | D:2      | HP: 3/18 [adder (2)]
   897 | D:2      | Reached XP level 4. HP: 22/22 MP: 5/5
   909 | D:2      | Noticed Robin
   921 | D:2      | HP: 1/22 [goblin/+2 dagger of freezing[Robin] (6)]
   921 | D:2      | Slain by a goblin

Levels and vault maps discovered:
D:1:      scummos_arrival_simple_fountains, layout_rooms,
          shapermc_ecumenical_altar_acropolis
D:2:      layout_loops_ring, uniq_robin, uniq_natasha

Skill      XL: |  1  2  3  4 |
---------------+-------------+-----
Dodging        | 3 4 5 |  5.0
Ranged Weapons | 5 |  5.0
Fighting       | |  1.6
Stealth        | |  1.5

Action                     |  1- 3 |  4- 6 || total
---------------------------+-------+-------++-------
   Fire: Shortbow          |   135 |    18 ||   153
    Use: Scroll            |     5 |       ||     5
 Armour: Robe              |    17 |    12 ||    29
  Dodge: Dodged            |    58 |    36 ||    94

Table legend:
 A = Non-vault XP
 B = Vault XP
 C = Vault XP percentage of total XP
 D = Non-vault monster count
 E = Vault monster count
 F = Vault count percentage of total count
                 A         B        C        D         E       F
            +---------+---------+-------+---------+---------+-------
      Total |     136 |      15 |   9.9 |      33 |       8 |  19.5
            +---------+---------+-------+---------+---------+-------
        D:1 |      39 |       0 |   0.0 |      20 |       0 |   0.0
        D:2 |      97 |      15 |  13.4 |      13 |       8 |  38.1
            +---------+---------+-------+---------+---------+-------
